2772 views
Uploaded 2019-12-01 21:15:52
Game version 1.32.0.3 / 1.32.0.3.1
10:22 long 3on3 ladder game on (6)RollingHills
Saved by BEARAND
2772 views
Uploaded 2019-12-01 21:15:52
Game version 1.32.0.3 / 1.32.0.3.1
10:22 long 3on3 ladder game on (6)RollingHills


75 units @ 7.8k
/ 1k
39 buildings @ 6.6k
/ 2.6k

| Wisp | 11 | 660 | / | 0 |
| Archer | 5 | 650 | / | 50 |
| Huntress | 2 | 390 | / | 40 |
| Glaive Thrower | 2 | 420 | / | 130 |
| Mountain Giant | 1 | 350 | / | 100 |
| Dryad | 1 | 145 | / | 60 |
| Goblin Shredder | 1 | 375 | / | 100 |
| total: | 23 | 2990g | / | 480w |
| Ancient Protector | 3 | 405 | / | 240 |
| Altar of Elders | 1 | 180 | / | 50 |
| Moon Well | 5 | 900 | / | 200 |
| Ancient of War | 1 | 150 | / | 60 |
| Ancient of Wonders | 1 | 90 | / | 30 |
| Hunter's Hall | 1 | 210 | / | 100 |
| Ancient of Lore | 2 | 310 | / | 290 |
| Tree of Ages | 1 | 320 | / | 180 |
| Tree of Eternity | 1 | 330 | / | 200 |
| total: | 14 | 2245g | / | 970w |
| 0:02 | Wisp |
| 0:02 | Wisp |
| 0:02 | Wisp |
| 0:09 | Altar of Elders |
| 0:22 | Moon Well |
| 0:30 | Wisp |
| 0:48 | Wisp |
| 1:12 | Ancient of War |
| 1:28 | Wisp |
| 1:28 | Wisp |
| 1:34 | Wisp |
| 1:40 | Moon Well |
| 1:45 | Wisp |
| 1:58 | Ancient of Wonders |
| 2:15 | Archer |
| 2:20 | Shadow Strike |
| 2:41 | Archer |
| 2:41 | Archer |
| 3:20 | Tree of Ages |
| 3:25 | Archer |
| 3:25 | Archer |
| 4:36 | Hunter's Hall |
| 5:11 | Goblin Shredder |
| 5:51 | Blink |
| 5:54 | Moon Well |
| 5:56 | Moon Well |
| 6:00 | Ancient of Lore |
| 6:01 | Wisp |
| 6:01 | Wisp |
| 6:18 | Moon Glaive |
| 6:18 | Huntress |
| 6:19 | Huntress |
| 6:25 | Ancient of Lore |
| 7:15 | Vorpal Blades |
| 7:15 | Glaive Thrower |
| 7:15 | Glaive Thrower |
| 7:26 | Ancient Protector |
| 8:11 | Moon Well |
| 8:24 | Mountain Giant |
| 8:33 | Ancient Protector |
| 8:49 | Tree of Eternity |
| 9:21 | Ancient Protector |
| 9:30 | Dryad |
| Right click | 376 |
| Select | 166 |
| Build/train/purchase | 38 |
| Minimap ping | 13 |
| Select group | 12 |
| Use ability | 10 |
| Assign group | 3 |
| Remove unit | 3 |

| Dust of Appearance | 1 | 75 |
| total: | 1 | 75g |
| Wisp | 21 | 1260 | / | 0 |
| Archer | 4 | 520 | / | 40 |
| Huntress | 5 | 975 | / | 100 |
| Glaive Thrower | 2 | 420 | / | 130 |
| Druid of the Talon | 2 | 290 | / | 40 |
| total: | 34 | 3465g | / | 310w |
| Ancient Protector | 1 | 135 | / | 80 |
| Altar of Elders | 2 | 360 | / | 100 |
| Moon Well | 4 | 720 | / | 160 |
| Ancient of War | 1 | 150 | / | 60 |
| Ancient of Wonders | 1 | 90 | / | 30 |
| Hunter's Hall | 1 | 210 | / | 100 |
| Tree of Life | 1 | 340 | / | 185 |
| Ancient of Wind | 1 | 150 | / | 140 |
| Tree of Ages | 1 | 320 | / | 180 |
| Tree of Eternity | 1 | 330 | / | 200 |
| total: | 12 | 2155g | / | 855w |
| 0:03 | Wisp |
| 0:03 | Wisp |
| 0:09 | Altar of Elders |
| 0:11 | Moon Well |
| 0:15 | Wisp |
| 0:23 | Ancient of War |
| 0:30 | Wisp |
| 0:38 | Wisp |
| 0:54 | Wisp |
| 0:59 | Altar of Elders |
| 1:08 | Wisp |
| 1:24 | Archer |
| 1:33 | Moon Well |
| 1:40 | Archer |
| 1:57 | Wisp |
| 1:59 | Ancient of Wonders |
| 2:33 | Healing Spray |
| 2:35 | Archer |
| 2:36 | Wisp |
| 2:36 | Wisp |
| 2:40 | Hunter's Hall |
| 3:04 | Archer |
| 3:30 | Wisp |
| 3:31 | Wisp |
| 3:50 | Huntress |
| 3:54 | Moon Well |
| 4:04 | Huntress |
| 4:17 | Tree of Ages |
| 4:47 | Huntress |
| 5:08 | Acid Bomb |
| 5:11 | Huntress |
| 5:13 | Ultravision |
| 5:36 | Huntress |
| 5:40 | Dust of Appearance |
| 5:58 | Moon Well |
| 6:48 | Wisp |
| 6:48 | Wisp |
| 6:48 | Wisp |
| 6:51 | Tree of Life |
| 6:55 | Ancient of Wind |
| 6:55 | Wisp |
| 6:55 | Wisp |
| 7:31 | Wisp |
| 8:13 | Tree of Eternity |
| 8:24 | Glaive Thrower |
| 8:26 | Healing Spray |
| 8:29 | Glaive Thrower |
| 8:30 | Wisp |
| 8:30 | Wisp |
| 8:32 | Druid of the Talon |
| 8:34 | Strength of the Moon |
| 8:59 | Druid of the Talon |
| 9:00 | Druid of the Talon Adept Training |
| 9:03 | Wisp |
| 9:06 | Ancient Protector |
| Right click | 379 |
| Select | 264 |
| Select group | 62 |
| Chat | 52 |
| Build/train/purchase | 46 |
| Minimap ping | 43 |
| Use ability | 17 |
| Assign group | 12 |
| Misc. action | 12 |
| Remove unit | 1 |


| Wisp | 15 | 900 | / | 0 |
| Dryad | 3 | 435 | / | 180 |
| total: | 18 | 1335g | / | 180w |
| Altar of Elders | 1 | 180 | / | 50 |
| Moon Well | 8 | 1440 | / | 320 |
| Ancient of Wonders | 1 | 90 | / | 30 |
| Hunter's Hall | 1 | 210 | / | 100 |
| Ancient of Lore | 2 | 310 | / | 290 |
| Tree of Ages | 1 | 320 | / | 180 |
| Tree of Eternity | 1 | 330 | / | 200 |
| total: | 13 | 2230g | / | 790w |
| 0:03 | Wisp |
| 0:03 | Wisp |
| 0:26 | Altar of Elders |
| 0:31 | Wisp |
| 0:31 | Wisp |
| 0:35 | Moon Well |
| 0:45 | Wisp |
| 0:46 | Wisp |
| 0:49 | Moon Well |
| 1:05 | Wisp |
| 1:06 | Wisp |
| 1:07 | Wisp |
| 1:55 | Moon Well |
| 1:57 | Wisp |
| 1:57 | Wisp |
| 2:00 | Wisp |
| 2:00 | Wisp |
| 2:00 | Wisp |
| 2:01 | Wisp |
| 2:37 | Black Arrow |
| 2:54 | Ancient of Wonders |
| 3:07 | Moon Well |
| 4:05 | Tree of Ages |
| 4:11 | Moon Well |
| 5:11 | Hunter's Hall |
| 5:38 | Silence |
| 5:58 | Moon Well |
| 6:19 | Ultravision |
| 6:19 | Strength of the Wild |
| 6:20 | Reinforced Hides |
| 6:30 | Ancient of Lore |
| 6:32 | Ancient of Lore |
| 6:37 | Tree of Eternity |
| 7:01 | Moon Well |
| 8:11 | Moon Well |
| 8:14 | Improved Strength of the Wild |
| 8:18 | Abolish Magic |
| 8:19 | Dryad |
| 8:25 | Searing Arrows |
| 9:10 | Dryad |
| 9:11 | Dryad |
| 9:13 | Well Spring |
| 9:15 | Improved Reinforced Hides |
| Right click | 294 |
| Select | 97 |
| Build/train/purchase | 36 |
| Misc. action | 9 |
| Use ability | 5 |
| Minimap ping | 2 |
49 units @ 3.3k
/ 0k
107 buildings @ 5.6k
/ 2.6k


| Boots of Speed | 1 | 250 |
| Circlet of Nobility | 1 | 175 |
| total: | 2 | 425g |
| Wisp | 22 | 1320 | / | 0 |
| total: | 22 | 1320g | / | 0w |
| Altar of Elders | 1 | 180 | / | 50 |
| Moon Well | 3 | 540 | / | 120 |
| Tree of Life | 1 | 340 | / | 185 |
| Hunter's Hall | 1 | 210 | / | 100 |
| Tree of Ages | 1 | 320 | / | 180 |
| Tree of Eternity | 1 | 330 | / | 200 |
| total: | 6 | 1270g | / | 455w |
| 0:01 | Wisp |
| 0:04 | Altar of Elders |
| 0:07 | Wisp |
| 0:22 | Moon Well |
| 0:24 | Wisp |
| 0:34 | Wisp |
| 0:40 | Wisp |
| 0:46 | Wisp |
| 1:10 | Wisp |
| 1:28 | Wisp |
| 1:37 | Wisp |
| 1:56 | Wisp |
| 2:14 | Wisp |
| 2:36 | Shadow Strike |
| 3:00 | Tree of Ages |
| 4:07 | Moon Well |
| 4:13 | Moon Well |
| 5:17 | Boots of Speed |
| 5:17 | Circlet of Nobility |
| 5:53 | Tree of Life |
| 6:40 | Wisp |
| 6:45 | Wisp |
| 6:55 | Wisp |
| 7:10 | Wisp |
| 7:17 | Wisp |
| 7:22 | Hunter's Hall |
| 7:33 | Entangling Roots |
| 7:39 | Wisp |
| 8:21 | Wisp |
| 8:25 | Tree of Eternity |
| 8:30 | Blink |
| 8:59 | Wisp |
| 9:05 | Wisp |
| 9:51 | Wisp |
| 10:04 | Wisp |
| Right click | 555 |
| Assign group | 348 |
| Select group | 256 |
| Resource trade | 92 |
| Select | 66 |
| Build/train/purchase | 36 |
| Use ability | 23 |
| Chat | 18 |
| Misc. action | 12 |
| Remove unit | 2 |
| Item give/drop | 1 |


| Boots of Speed | 1 | 250 |
| total: | 1 | 250g |
| Peasant | 13 | 975 | / | 0 |
| total: | 13 | 975g | / | 0w |
| Scout Tower | 56 | 1680 | / | 1120 |
| Arcane Tower | 4 | 280 | / | 200 |
| Guard Tower | 27 | 1890 | / | 1350 |
| Altar of Kings | 1 | 180 | / | 50 |
| Farm | 4 | 320 | / | 80 |
| Lumber Mill | 1 | 120 | / | 0 |
| Keep | 2 | 640 | / | 420 |
| total: | 62 | 2300g | / | 1250w |
| 0:03 | Peasant |
| 0:04 | Peasant |
| 0:05 | Altar of Kings |
| 0:19 | Farm |
| 0:26 | Peasant |
| 0:31 | Peasant |
| 0:35 | Lumber Mill |
| 0:42 | Farm |
| 0:52 | Peasant |
| 0:59 | Peasant |
| 1:04 | Peasant |
| 1:12 | Peasant |
| 1:39 | Peasant |
| 1:50 | Scout Tower |
| 1:54 | Peasant |
| 1:59 | Scout Tower |
| 2:07 | Summon Water Elemental |
| 2:21 | Arcane Tower |
| 2:24 | Scout Tower |
| 2:41 | Peasant |
| 2:41 | Peasant |
| 2:44 | Guard Tower |
| 2:46 | Scout Tower |
| 2:57 | Peasant |
| 2:59 | Guard Tower |
| 3:01 | Scout Tower |
| 3:35 | Guard Tower |
| 3:36 | Scout Tower |
| 3:43 | Scout Tower |
| 3:44 | Scout Tower |
| 3:46 | Scout Tower |
| 3:46 | Scout Tower |
| 3:47 | Keep |
| 3:50 | Scout Tower |
| 3:50 | Scout Tower |
| 3:51 | Scout Tower |
| 3:52 | Scout Tower |
| 3:53 | Farm |
| 3:54 | Farm |
| 4:07 | Guard Tower |
| 4:09 | Improved Masonry |
| 4:15 | Boots of Speed |
| 4:31 | Guard Tower |
| 4:42 | Guard Tower |
| 4:56 | Guard Tower |
| 5:00 | Scout Tower |
| 5:01 | Scout Tower |
| 5:29 | Guard Tower |
| 5:32 | Scout Tower |
| 5:32 | Scout Tower |
| 5:35 | Guard Tower |
| 5:38 | Scout Tower |
| 5:39 | Scout Tower |
| 5:39 | Scout Tower |
| 5:39 | Scout Tower |
| 5:40 | Scout Tower |
| 5:40 | Scout Tower |
| 5:41 | Scout Tower |
| 5:41 | Scout Tower |
| 5:43 | Arcane Tower |
| 5:44 | Guard Tower |
| 6:10 | Guard Tower |
| 6:11 | Guard Tower |
| 6:26 | Scout Tower |
| 6:27 | Scout Tower |
| 6:28 | Scout Tower |
| 6:28 | Scout Tower |
| 6:29 | Scout Tower |
| 6:29 | Scout Tower |
| 6:32 | Scout Tower |
| 6:32 | Scout Tower |
| 6:33 | Scout Tower |
| 6:33 | Scout Tower |
| 6:34 | Scout Tower |
| 6:35 | Scout Tower |
| 6:35 | Scout Tower |
| 6:36 | Scout Tower |
| 6:45 | Guard Tower |
| 6:50 | Guard Tower |
| 7:10 | Guard Tower |
| 7:15 | Scout Tower |
| 7:17 | Scout Tower |
| 7:21 | Guard Tower |
| 7:22 | Guard Tower |
| 7:32 | Guard Tower |
| 7:35 | Scout Tower |
| 7:36 | Guard Tower |
| 7:51 | Guard Tower |
| 7:51 | Guard Tower |
| 7:53 | Scout Tower |
| 7:54 | Scout Tower |
| 7:55 | Guard Tower |
| 8:05 | Storm Bolt |
| 8:23 | Guard Tower |
| 8:26 | Scout Tower |
| 8:26 | Scout Tower |
| 8:27 | Scout Tower |
| 8:28 | Scout Tower |
| 8:28 | Scout Tower |
| 8:29 | Scout Tower |
| 8:30 | Scout Tower |
| 8:30 | Scout Tower |
| 8:38 | Brilliance Aura |
| 8:42 | Improved Lumber Harvesting |
| 8:44 | Advanced Masonry |
| 8:44 | Imbued Masonry |
| 9:10 | Guard Tower |
| 9:12 | Guard Tower |
| 9:13 | Scout Tower |
| 9:14 | Scout Tower |
| 9:14 | Scout Tower |
| Right click | 809 |
| Select | 199 |
| Select group | 165 |
| Build/train/purchase | 86 |
| Assign group | 15 |
| Chat | 15 |
| Misc. action | 14 |
| Use ability | 6 |
| Remove unit | 1 |
| Minimap ping | 1 |



| Staff of Teleportation | 2 | 300 |
| Boots of Speed | 2 | 500 |
| Periapt of Vitality | 2 | 650 |
| total: | 6 | 1450g |
| Peasant | 14 | 1050 | / | 0 |
| total: | 14 | 1050g | / | 0w |
| Scout Tower | 29 | 870 | / | 580 |
| Arcane Tower | 2 | 140 | / | 100 |
| Guard Tower | 20 | 1400 | / | 1000 |
| Altar of Kings | 1 | 180 | / | 50 |
| Farm | 4 | 320 | / | 80 |
| Lumber Mill | 1 | 120 | / | 0 |
| Arcane Vault | 3 | 390 | / | 90 |
| Arcane Sanctum | 1 | 150 | / | 140 |
| Keep | 1 | 320 | / | 210 |
| Castle | 1 | 360 | / | 210 |
| total: | 39 | 2030g | / | 940w |
| 0:03 | Peasant |
| 0:03 | Peasant |
| 0:05 | Altar of Kings |
| 0:08 | Farm |
| 0:10 | Peasant |
| 0:10 | Peasant |
| 0:26 | Peasant |
| 0:38 | Peasant |
| 0:43 | Lumber Mill |
| 1:00 | Peasant |
| 1:21 | Farm |
| 1:30 | Scout Tower |
| 1:40 | Scout Tower |
| 1:42 | Peasant |
| 1:42 | Peasant |
| 1:46 | Improved Masonry |
| 1:53 | Scout Tower |
| 1:59 | Arcane Tower |
| 2:04 | Summon Water Elemental |
| 2:08 | Peasant |
| 2:08 | Peasant |
| 2:09 | Peasant |
| 2:09 | Peasant |
| 2:09 | Peasant |
| 2:21 | Guard Tower |
| 2:23 | Scout Tower |
| 2:26 | Guard Tower |
| 2:27 | Scout Tower |
| 2:51 | Guard Tower |
| 2:54 | Guard Tower |
| 2:55 | Scout Tower |
| 2:56 | Scout Tower |
| 2:57 | Scout Tower |
| 2:58 | Scout Tower |
| 3:37 | Keep |
| 3:39 | Guard Tower |
| 3:43 | Scout Tower |
| 3:45 | Scout Tower |
| 3:45 | Scout Tower |
| 3:59 | Staff of Teleportation |
| 3:59 | Boots of Speed |
| 4:00 | Periapt of Vitality |
| 4:07 | Guard Tower |
| 4:11 | Farm |
| 4:12 | Farm |
| 4:16 | Arcane Tower |
| 4:24 | Guard Tower |
| 4:42 | Guard Tower |
| 4:44 | Scout Tower |
| 4:47 | Scout Tower |
| 4:48 | Scout Tower |
| 4:48 | Scout Tower |
| 4:49 | Scout Tower |
| 5:39 | Guard Tower |
| 5:43 | Scout Tower |
| 5:44 | Scout Tower |
| 5:45 | Scout Tower |
| 5:46 | Scout Tower |
| 5:50 | Guard Tower |
| 6:05 | Castle |
| 6:07 | Arcane Sanctum |
| 6:20 | Guard Tower |
| 6:23 | Guard Tower |
| 6:47 | Periapt of Vitality |
| 6:56 | Guard Tower |
| 7:00 | Scout Tower |
| 7:00 | Scout Tower |
| 7:01 | Scout Tower |
| 7:05 | Storm Bolt |
| 7:14 | Brilliance Aura |
| 7:19 | Staff of Teleportation |
| 7:34 | Boots of Speed |
| 7:42 | Guard Tower |
| 7:47 | Scout Tower |
| 7:50 | Guard Tower |
| 8:14 | Magic Sentry |
| 8:15 | Advanced Masonry |
| 8:21 | Guard Tower |
| 8:23 | Guard Tower |
| 8:38 | Guard Tower |
| 8:40 | Scout Tower |
| 8:40 | Scout Tower |
| 8:41 | Scout Tower |
| 8:42 | Scout Tower |
| 9:16 | Arcane Vault |
| 9:17 | Arcane Vault |
| 9:18 | Arcane Vault |
| 9:53 | Holy Light |
| Right click | 472 |
| Select group | 452 |
| Select | 113 |
| Build/train/purchase | 65 |
| Misc. action | 21 |
| Minimap ping | 17 |
| Use ability | 12 |
| Assign group | 7 |
| Item give/drop | 4 |
โ